Map: Sequencer LE

Players

Lycan

  • Race: Terran Terran
  • League: Diamond
  • Spawn Location: 1:00

jito - Winner!

  • Race: Terran Terran
  • League: Diamond
  • Spawn Location: 7:00

VOD

Have the link to the VOD?

Description

Time

  • Played on: July 9, 2017, 2:02 p.m.
  • Length: 6:52
Show
View Real Time Build Order
Export as new Build Order

Lycan Terran 

Build Orders: Reaper Expand 

Get SALT Encoding   

  12  0:01  SCV  
  13  0:13  SCV  
  14  0:18  Supply Depot  
  14  0:25  SCV  
  15  0:39  SCV  
  15  0:41  Barracks  
  16  0:47  Refinery  
  16  0:51  SCV  
  17  1:03  SCV  
  18  1:16  SCV  
  19  1:30  Reaper  
  21  1:33  Orbital Command  
  20  1:50  Command Center  
  20  1:56  Refinery  
  20  2:00  SCV  
  21  2:06  Marine  
  21  2:07  Supply Depot  
  22  2:12  SCV  
  23  2:22  Factory  
  23  2:29  SCV  
  24  2:40  Bunker  
  24  2:41  SCV  
  24  2:43  Marine  
  26  2:48  Barracks  
  26  2:53  SCV  
  27  3:07  Cyclone, Starport  
  27  3:09  Barracks Reactor  
  30  3:24  SCV  
  30  3:25  Orbital Command  
  31  3:37  Barracks Tech Lab  
  31  3:44  Viking  
  31  3:45  Orbital Command  
  31  3:46  Marine x2  
  35  3:48  Factory Tech Lab  
  35  3:50  SCV  
  35  4:01  Marine  
  35  4:02  Stimpack  
  36  4:04  Marine x2  
  36  4:09  SCV  
  39  4:13  Supply Depot  
  39  4:14  SCV  
  39  4:15  Siege Tank  
  43  4:23  Engineering Bay, SCV  
  44  4:25  Medivac  
  44  4:30  Supply Depot  
  46  4:34  SCV  
  46  4:35  Supply Depot  
  46  4:36  SCV  
  48  4:39  Marine  
  48  4:40  Marine  
  48  4:41  Marine  
  51  4:46  SCV  
  51  4:48  SCV  
  53  5:04  Marine  
  53  5:05  Marine x2  
  53  5:06  Siege Tank  
  59  5:07  SCV x2  
  59  5:10  Missile Turret  
  61  5:15  Refinery  
  61  5:16  Starport Reactor  
  61  5:19  SCV x2  
  63  5:22  Marine  
  64  5:28  Supply Depot  
  62  5:52  SCV x2  
  62  5:55  Marine x3  
  64  6:05  Viking x2  
  64  6:06  SCV x2  
  69  6:12  Barracks  
  69  6:13  Missile Turret, Marine x2, Barracks  
  63  6:22  Marine  
Show
View Real Time Build Order
Export as new Build Order

jito Terran - Winner!

Build Orders: 1/1/1, Liberator Opening 

Get SALT Encoding   

  12  0:00  SCV  
  13  0:13  SCV  
  14  0:19  Supply Depot  
  14  0:25  SCV  
  15  0:31  Refinery  
  15  0:42  Barracks  
  15  0:45  SCV  
  16  0:53  Refinery  
  16  0:59  SCV  
  17  1:11  SCV, Supply Depot  
  18  1:23  SCV  
  19  1:32  Factory  
  19  1:42  Barracks Tech Lab  
  19  1:51  Orbital Command  
  19  2:02  Marine  
  20  2:23  Starport  
  20  2:29  Siege Tank  
  23  2:32  Barracks Reactor  
  23  2:33  SCV  
  24  2:43  Liberator  
  24  2:48  SCV  
  25  3:00  SCV  
  29  3:09  Marine x2  
  31  3:25  Supply Depot  
  31  3:47  Siege Tank  
  34  3:54  Barracks Reactor  
  34  3:56  Viking  
  34  3:58  Viking  
  38  4:03  SCV  
  38  4:05  Supply Depot  
  39  4:11  Command Center  
  39  4:27  Siege Tank, SCV  
  43  4:31  Viking  
  43  4:34  Marine  
  43  4:37  Marine  
  47  4:49  Supply Depot  
  47  4:53  Liberator  
  47  5:10  Marine x2, Viking  
  54  5:17  Widow Mine  
  55  5:26  SCV  
  55  5:28  Marine x2  
  58  5:38  SCV  
  53  5:57  Orbital Command  
Tags
 
Add a new tag
Caveats
  • Supply blocks, unpowered buildings, or Contaminate may cause inaccurate times.
  • Supply counts are checked every 10 seconds.